[Event "Late-Titled-Tuesday-Blitz-March-26-2024"]
[Site "Chess.com"]
[Date "2024.03.26"]
[Round "8"]
[White "YegoryoCh"]
[Black "promen1999"]
[Result "0-1"]
[WhiteElo "2576"]
[BlackElo "2847"]
[TimeControl "180+1"]
[EndTime "15:29:07 PDT"]
[Termination "promen1999 won by resignation"]

1. e4 c5 2. Nf3 d6 3. d4 cxd4 4. Nxd4 Nf6 5. Nc3 Bd7 6. Bg5 Nc6 7. Qd2 Rc8 8. O-O-O a6 9. f4 Qb6 10. Kb1 Nxd4 11.
Qxd4 Qxd4 12. Rxd4 e6 13. Bxf6 gxf6 14. a4 h5 15. Be2 Bc6 16. Rf1 h4 17. a5 Rg8 18.
Bf3 Ke7 19. Rfd1 Bh6 20. Ne2 Rcd8 21. c4 e5 22. R4d3 Bxf4 23. Nxf4 exf4 24. R1d2 Rg5 25. b4 Re5 26. Rd4 h3 27. c5 hxg2 28. Bxg2 f5 29.
cxd6+ Kf6 30. exf5 f3 31. Bh3 Re3 32. Bg4 Ke5 33. Kc2 f2 34. Be2 Rxe2 35. Rxe2+ Kxd4 36.
Rxf2 Rxd6 37. Re2 Be4+ 38. Kb2 Bxf5 39. h4 Kc4 40. Re7 Kxb4 41. Rxb7+ Kxa5 42. Rxf7 Bg6 43. Rf4 Kb6 44. Ka3 a5 45. Rg4 Rd3+ 46. Kb2 Bf7 47.
Rf4 Rd7 48. Rf5 a4 49. Ka3 Bb3 50. Rf6+ Kc5 51. Rf4 Rd3 52. Kb2 Kb5 53. Rg4 Bd5 54.
Rf4 a3+ 55. Kc1 a2 56. Kb2 Rd2+ 57. Kc3 a1=Q+ 58. Kxd2 Qb2+ 59. Ke3 Qc3+ 60. Kf2 Qd2+ 61. Kg3 Qe3+ 62. Kg4 Be6+ 63. Kg5 Qg3+ 64. Kf6 Qxf4+ 65. Kxe6 Qxh4 66. Ke5 Qg5+ 67. Kd4 Qf5 0-1

[Event "Late-Titled-Tuesday-Blitz-March-26-2024"]
[Site "Chess.com"]
[Date "2024.03.26"]
[Round "8"]
[White "BardArtem"]
[Black "sergoy"]
[Result "0-1"]
[WhiteElo "2833"]
[BlackElo "2929"]
[TimeControl "180+1"]
[EndTime "15:29:09 PDT"]
[Termination "sergoy won on time"]

1. e4 c5 2. d3 Nc6 3. Nf3 d5 4. exd5 Qxd5 5. Nc3 Qd6 6. g3 Nf6 7. Bg2 Qe6+ 8. Be3 Ng4 9. O-O Nxe3 10. fxe3 g6 11. Ne4 f5 12. Nc3 Bg7 13. e4 O-O 14.
exf5 Qe3+ 15. Kh1 Bxf5 16. Nd5 Qh6 17. Qe2 e6 18. Ne3 Rae8 19. Rae1 e5 20. Nxf5 gxf5 21. Nd2 Nd4 22. Qd1 f4 23. Ne4 Nf5 24. Kg1 Ne3 25. Qe2 Nxf1 26. Rxf1 fxg3 27. hxg3 Rxf1+ 28. Qxf1 Qe3+ 29.
Qf2 Qxf2+ 30. Kxf2 b6 31. Ke2 Rd8 32. c4 h6 33. Bf3 Kf7 34. Bh5+ Ke7 35. a3 Bf6 36.
Nc3 Bg5 37. Nd5+ Kd6 38. b3 Rf8 39. Bf3 a6 40. a4 Rb8 41. Nc3 Bd8 42. g4 Bg5 43.
Ne4+ Kc7 44. Nc3 Bc1 45. Nd5+ Kd6 46. Nc3 Bb2 47. Ne4+ Kc7 48. Nf6 Bd4 49. Kd2 e4 50.
Nd5+ Kd6 51. Bxe4 b5 52. cxb5 axb5 53. a5 Ra8 54. b4 cxb4 55. Nxb4 Rxa5 56. Nc6 Ra2+ 57.
Kd1 Kc5 58. Nd8 Be3 59. Ne6+ Kd6 60. Nf8 b4 61. Ng6 b3 62. Nh4 Ra1+ 63. Ke2 Bd4 64.
Nf5+ Ke5 65. Ne7 Ra6 66. Nd5 b2 67. Nc3 Bxc3 68. Bh7 Kd4 0-1

[Event "Late-Titled-Tuesday-Blitz-March-26-2024"]
[Site "Chess.com"]
[Date "2024.03.26"]
[Round "8"]
[White "Rud_Makarian"]
[Black "GMKrikor"]
[Result "1-0"]
[WhiteElo "3096"]
[BlackElo "2829"]
[TimeControl "180+1"]
[EndTime "15:29:13 PDT"]
[Termination "Rud_Makarian won by resignation"]

1. d4 Nf6 2. c4 g6 3. Nc3 d5 4. Bf4 Bg7 5. e3 O-O 6. Rc1 c5 7. dxc5 Na6 8. cxd5 Nxc5 9. Nf3 Qa5 10. Qd2 Qb6 11. Be5 Bg4 12. Bd4 Nce4 13. Bxb6 Nxd2 14.
Nxd2 axb6 15. Bb5 Rfd8 16. e4 e6 17. h3 Bh5 18. g4 Bxg4 19. hxg4 exd5 20. exd5 Nxd5 21.
Bc4 Nxc3 22. bxc3 Rac8 23. Bb3 Bxc3 24. Rc2 Bxd2+ 25. Rxd2 Rc1+ 26. Bd1 Rxd2 27. Kxd2 Ra1 28. Bf3 Rxa2+ 29. Ke3 Ra4 30. Rb1 Kg7 31. Rxb6 Ra3+ 32.
Kf4 Ra4+ 33. Kg3 Ra3 34. Rxb7 Rd3 35. Kf4 Rd4+ 36. Ke3 Rd8 37. Be2 Re8+ 38. Kf3 Rf8 39. Bc4 Kf6 40. Kf4 h6 41. Ke4 Re8+ 42. Kd4 Rf8 43.
f4 Kg7 44. Bd5 Kf6 45. Ke4 Kg7 46. Kd4 Kf6 47. Rc7 Kg7 48. g5 hxg5 49. fxg5 Kg8 50. Ke5 Kg7 51. Kd6 Rd8+ 52. Kc5 Rf8 53. Bc4 Kg8 54.
Kd6 Kg7 55. Rxf7+ Rxf7 56. Bxf7 Kxf7 57. Kd7 Kg7 58. Ke7 Kg8 59. Kf6 Kh7 60. Kf7 Kh8 61.
Kxg6 Kg8 62. Kf6 Kh7 63. Kf7 Kh8 64. Kg6 Kg8 65. Kh6 Kh8 66. g6 Kg8 67. g7 Kf7 68.
Kh7 Kf6 69. g8=Q Ke5 70. Qg6 1-0

[Event "Late-Titled-Tuesday-Blitz-March-26-2024"]
[Site "Chess.com"]
[Date "2024.03.26"]
[Round "8"]
[White "Savagelittlemole"]
[Black "Stanbad1"]
[Result "1-0"]
[WhiteElo "2533"]
[BlackElo "2634"]
[TimeControl "180+1"]
[EndTime "15:29:13 PDT"]
[Termination "Savagelittlemole won by resignation"]

1. e4 c6 2. Nf3 d5 3. exd5 cxd5 4. Ne5 Nc6 5. Bb5 Bd7 6. Nxd7 Qxd7 7. d4 e6 8. c3 Bd6 9. h3 Nge7 10. Nd2 Ng6 11. Nf3 Qc7 12. O-O Bf4 13. Bxf4 Qxf4 14. Qe2 O-O 15.
Bd3 Qd6 16. Bxg6 hxg6 17. Rae1 Rab8 18. Ng5 Qf4 19. Nf3 b5 20. g3 Qf6 21. a3 a5 22.
Qe3 b4 23. axb4 axb4 24. Ng5 bxc3 25. bxc3 Rb3 26. f4 Na5 27. Rc1 Rc8 28. Kh1 Nc4 29.
Qe2 Rb2 30. Qg4 Rcb8 31. Qh4 Ne3 32. Rg1 Nf5 33. Qh7+ Kf8 34. Rce1 Ke7 35. h4 Rc2 36. Rg2 Rbb2 37. Rxc2 Rxc2 38. Rg1 Rxc3 39. Qh8 Rxg3 40. Qb8 Rxg1+ 41. Kxg1 Qxd4+ 42. Kf1 Qc4+ 43. Ke1 Qc3+ 44. Kd1 Qc6 45. Qa7+ Qd7 46. Qc5+ Nd6 47. Qd4 f6 48. Nh7 Kf7 49. h5 gxh5 50. Qd3 Nf5 51. Qh3 Kg6 52.
Nf8+ Kf7 53. Nxd7 Ke7 54. Qxh5 Kxd7 55. Qf7+ Kd6 56. Ke2 d4 57. Kd3 Kd5 58. Qd7+ Nd6 59. Qxg7 e5 60. Qxf6 e4+ 61. Kd2 Nc4+ 62. Kc2 d3+ 63.
Kc3 Nd6 64. Qe5+ Kc6 65. Kd4 d2 66. Qd5+ Kd7 67. Kc3 e3 68. Qd3 Ke6 69. Kc2 Nf5 70.
Qe2 Kf6 71. Kd1 Kg6 72. Qg4+ Kf6 73. Qg5+ Ke6 74. Qg6+ 1-0

[Event "Late-Titled-Tuesday-Blitz-March-26-2024"]
[Site "Chess.com"]
[Date "2024.03.26"]
[Round "8"]
[White "xakevicius91"]
[Black "GothamChess"]
[Result "0-1"]
[WhiteElo "2539"]
[BlackElo "2673"]
[TimeControl "180+1"]
[EndTime "15:29:19 PDT"]
[Termination "GothamChess won by resignation"]

1. e4 d5 2. exd5 Qxd5 3. Nc3 Qa5 4. d4 Nf6 5. Nf3 Bf5 6. Bd2 e6 7. Bc4 Bb4 8. a3 Bxc3 9. Bxc3 Qb6 10. Qe2 O-O 11.
Nh4 Bg6 12. Nxg6 hxg6 13. O-O-O Nd5 14. Bxd5 exd5 15. h4 Qe6 16. Qd2 Nd7 17. h5 Rfe8 18. Kb1 gxh5 19. Rxh5 Qe2 20. Rxd5 Nf6 21. Re5 Qxd2 22.
Rxd2 Ne4 23. Re2 Rxe5 24. dxe5 Nxc3+ 25. bxc3 Kf8 26. f4 Ke7 27. Kc1 Rh8 28. Kd2 Rh1 29. Re3 Rg1 30. Rg3 g6 31. Kd3 Ra1 32. Ke4 Rxa3 33. Rd3 Ra2 34. Rd2 Ra4+ 35. Ke3 Rc4 36.
Kd3 Rxf4 37. Rd1 Rg4 38. Ra1 a6 39. Rb1 b5 40. Ra1 Ra4 41. Rh1 Ke6 42. Rh7 Rg4 43. Rh8 c5 44. Re8+ Kd5 45. Ra8 Rg3+ 46. Kd2 Rxg2+ 47.
Kc1 Kxe5 48. Rxa6 Kd5 49. Rf6 Kc4 50. Rxf7 Kxc3 51. Rf3+ Kb4 52. Rf6 g5 53. Kb2 g4 54.
Rg6 g3 55. Rg5 Kc4 56. Rg8 b4 57. Rg4+ Kb5 58. Kb3 Rg1 59. Kb2 c4 60. Ka2 Rg2 61. Kb1 b3 62. cxb3 cxb3 63. Kc1 Kc5 64. Kb1 Kd5 65. Rg8 b2 66. Rg7 Ke4 67. Rg8 Kf3 68. Rf8+ Ke3 69. Re8+ Kf2 70. Rf8+ Kg1 71. Rh8 Rf2 72. Rg8 g2 73. Rd8 Kh2 0-1

[Event "Late-Titled-Tuesday-Blitz-March-26-2024"]
[Site "Chess.com"]
[Date "2024.03.26"]
[Round "8"]
[White "publicaccountcze"]
[Black "Binary010"]
[Result "0-1"]
[WhiteElo "2286"]
[BlackElo "2771"]
[TimeControl "180+1"]
[EndTime "15:29:20 PDT"]
[Termination "Binary010 won on time"]

1. e4 a6 2. d4 h6 3. c4 d6 4. Nc3 Nc6 5. Nge2 e5 6. g3 Nf6 7. Bg2 Bg4 8. f3 Bd7 9. Be3 Be7 10. O-O O-O 11. Qd2 exd4 12. Nxd4 b5 13. cxb5 Nxd4 14. Bxd4 axb5 15. Rad1 b4 16. Nd5 Nxd5 17. exd5 Rxa2 18. Qxb4 Bf6 19. Rf2 Re8 20. Bxf6 Qxf6 21. Rc1 Qe5 22. Qc3 Qxd5 23. f4 Qb5 24. Bc6 Bxc6 25.
Qxc6 Qb8 26. Qxc7 Re1+ 27. Rf1 Rxf1+ 28. Kxf1 Qb5+ 29. Qc4 Rxb2 30. Qxb5 Rxb5 31. Rc8+ Kh7 32. Rd8 Rd5 33. Ke2 Kg6 34. Rd7 Kf6 35. f5 Re5+ 36.
Kd3 d5 37. g4 Re1 38. Kd2 Rh1 39. Rxd5 Rxh2+ 40. Ke3 Kg5 41. Rd7 Kf6 42. Kf4 Rf2+ 43. Kg3 Ra2 44. Rd6+ Kg5 45. Rd3 Ra4 46. Rd7 Rxg4+ 47.
Kh3 Rh4+ 48. Kg3 Rg4+ 49. Kh3 Rh4+ 50. Kg3 Kh5 51. Rxf7 Rg4+ 52. Kh3 Rg5 53. f6 g6 54. Rf8 Rf5 55. f7 Kg5 56. Kg3 h5 57. Kh3 Rf3+ 58.
Kg2 Rf6 59. Kg3 Rf5 60. Kh3 Rf1 61. Kg2 Rf4 62. Kg3 h4+ 63. Kg2 Rf6 64. Kh3 Rf3+ 65. Kg2 Rf5 66. Kh3 Rf2 67. Rh8 Rxf7 68. Rxh4 Rf3+ 69.
Kg2 Kxh4 70. Kxf3 g5 71. Kf2 Kh3 72. Kf3 g4+ 73. Kf2 Kh2 0-1

[Event "Late-Titled-Tuesday-Blitz-March-26-2024"]
[Site "Chess.com"]
[Date "2024.03.26"]
[Round "8"]
[White "Msb2"]
[Black "snowlord"]
[Result "0-1"]
[WhiteElo "3025"]
[BlackElo "2963"]
[TimeControl "180+1"]
[EndTime "15:29:26 PDT"]
[Termination "snowlord won by checkmate"]

1. d4 Nf6 2. c4 e6 3. Nc3 d5 4. cxd5 exd5 5. Bg5 c6 6. e3 Be7 7. Bd3 h6 8. Bf4 a5 9. h3 Na6 10. a3 Nc7 11. Qc2 Ne6 12. Bg3 O-O 13. Nf3 Re8 14. O-O Bd6 15. Ne5 c5 16. Nb5 Bf8 17.
Bh4 Be7 18. dxc5 Bxc5 19. Rad1 Be7 20. Bf5 Qb6 21. a4 Ng5 22. Rc1 Bxf5 23. Qxf5 Qe6 24. Qxe6 Nxe6 25. Rfd1 Rac8 26. b3 g5 27. Bg3 Ne4 28.
Bh2 Rxc1 29. Rxc1 N6c5 30. f3 Nd2 31. Rd1 Ncxb3 32. Bg3 Bf6 33. Ng4 Bg7 34. Nc7 Rd8 35. Be1 d4 36. Rxd2 Nxd2 37. Bxd2 Rc8 38. Nd5 Rc2 39.
Bxa5 d3 40. Kf1 h5 41. Ngf6+ Kh8 42. e4 b6 43. Be1 Ra2 44. Nb4 d2 45. Bxd2 Rxd2 46.
Nfd5 Bd4 47. Nc6 Bc5 48. Ne5 Kg7 49. Nc4 Rf2+ 50. Ke1 Rxg2 51. Ne5 Rg1+ 52. Kd2 Rh1 53. Nd7 Rxh3 54. a5 bxa5 55. Nxc5 Rxf3 56. Ke2 g4 57. Ne3 Kg6 58. Nd3 Kg5 59. Ne5 Rf4 60. Kd3 g3 61.
Ng2 Rf2 62. Ne1 h4 63. Ke3 a4 64. N1f3+ Kh5 65. Nd4 a3 66. Nf5 a2 67. Ng7+ Kh6 68.
Nf5+ Kh7 69. Nf3 Rxf3+ 70. Kxf3 a1=Q 71. Kg4 g2 72. Nxh4 g1=Q+ 73. Kh5 Qe5+ 74. Nf5 Qxf5+ 75. exf5 f6 76. Kh4 Qg5+ 77. Kh3 Qxf5+ 78. Kh2 Qg5 79. Kh3 f5 80. Kh2 f4 81. Kh3 f3 82. Kh2 f2 83.
Kh1 f1=Q+ 84. Kh2 Qfg1+ 85. Kh3 Qh1# 0-1

[Event "Late-Titled-Tuesday-Blitz-March-26-2024"]
[Site "Chess.com"]
[Date "2024.03.26"]
[Round "8"]
[White "ahkashefi2800"]
[Black "vladislavkovalev"]
[Result "0-1"]
[WhiteElo "2615"]
[BlackElo "2884"]
[TimeControl "180+1"]
[EndTime "15:29:30 PDT"]
[Termination "vladislavkovalev won by checkmate"]

1. Nf3 Nf6 2. g3 d5 3. Bg2 e6 4.
O-O b6 5. b3 Bb7 6. Bb2 Be7 7.
d3 c5 8. Nbd2 O-O 9. Re1 Nc6 10.
e4 Qc7 11. a4 Rfd8 12. Qe2 dxe4 13. Nxe4 Nxe4 14. dxe4 Nd4 15. Nxd4 cxd4 16. Red1 e5 17. h4 Bb4 18. Rac1 Qc5 19. Qf3 Ba3 20. Bxa3 Qxa3 21. Bf1 Rac8 22. Bd3 Rc3 23. Qf5 Qd6 24. Bc4 Qf6 25. Qxf6 gxf6 26. Bd3 a5 27. Rd2 Bc8 28.
Re1 Be6 29. Kg2 Rdc8 30. Ree2 R8c7 31. f3 Kf8 32. g4 h6 33. h5 Ke7 34. Kg3 Kd6 35. Rh2 Kc5 36. f4 Kd6 37. f5 Bd7 38. Kf3 Bc6 39. Rhe2 Bb7 40. Rh2 Kc5 41. Rhe2 Kb4 42. Re1 Rc8 43. Kf2 Ra8 44. Ree2 Ba6 45. Bxa6 Rxa6 46. Ke1 Ra7 47. Kd1 Rac7 48. Rg2 Re3 49.
Rde2 Rxe2 50. Rxe2 Rc3 51. Kd2 Rg3 52. Rh2 Ka3 53.
Rh4 Kb2 54. Rh2 Rc3 55. Kd1 Re3 56. Kd2 Rxe4 57. Kd3 Re3+ 58. Kc4 Rc3+ 59. Kb5 Rxc2 60. Rh3 e4 61. Kxb6 d3 62. b4 d2 63. Rh1 e3 64.
bxa5 e2 65. Rh2 d1=Q 66. a6 Qd6+ 67. Kb5 Rc5+ 68. Kb4 Qd4# 0-1

[Event "Late-Titled-Tuesday-Blitz-March-26-2024"]
[Site "Chess.com"]
[Date "2024.03.26"]
[Round "8"]
[White "GoltsevDmitry2000"]
[Black "Andrei_Skvortsov"]
[Result "1/2-1/2"]
[WhiteElo "2789"]
[BlackElo "2715"]
[TimeControl "180+1"]
[EndTime "15:29:42 PDT"]
[Termination "Game drawn by repetition"]

1. e4 d6 2. d4 Nf6 3. Nc3 e5 4. dxe5 dxe5 5. Qxd8+ Kxd8 6. Nf3 Bd6 7. Bc4 Ke8 8. Bg5 c6 9. a3 h6 10. Bh4 Bg4 11.
O-O-O Ke7 12. Bg3 Nbd7 13. Rd2 Bc7 14. Rhd1 Rhd8 15. Be2 Nh5 16. Nh4 Bxe2 17. Nf5+ Kf8 18. Nxe2 Nxg3 19. hxg3 Nf6 20. Rxd8+ Rxd8 21. Rxd8+ Bxd8 22.
f3 Bc7 23. Kd2 g6 24. Ne3 Ke7 25. Nc1 b5 26. g4 h5 27. gxh5 Nxh5 28. Nd3 Kd6 29.
c4 a6 30. c5+ Kd7 31. g4 Ng7 32. b4 Ne6 33. Nc2 f6 34. Ke3 a5 35. Nf2 axb4 36. axb4 Nf4 37. Nd3 Ne6 38. Nf2 Ke7 39. Nd3 Kf7 40. Nf2 Bd8 41. Nh3 Bc7 42. Kd3 Bd8 43.
Ke3 Be7 44. f4 exf4+ 45. Nxf4 Bd8 46. Nxe6 Kxe6 47. Nd4+ Kd7 48. e5 fxe5 49. Nf3 Ke6 50. Ke4 Bf6 51. Ne1 Bd8 52. Nd3 Bc7 53. Nf2 Kf6 54. Nd3 Ke6 55. Ne1 Bd8 56. Nf3 Bf6 57. Ne1 Bh4 58. Nd3 Bg3 59. Kf3 Bh2 60. Ke4 Bg3 61.
Kf3 Bh2 62. Ke4 Kf6 63. Ne1 Bf4 64. Nd3 Ke6 65. Nxf4+ exf4 66. Kxf4 Kf6 67. g5+ Kf7 68. Ke5 Ke7 69. Kf4 Kf7 70. Ke5 Ke7 71. Kd4 Kd7 72. Ke5 Ke7 1/2-1/2

[Event "Late-Titled-Tuesday-Blitz-March-26-2024"]
[Site "Chess.com"]
[Date "2024.03.26"]
[Round "8"]
[White "tarno17"]
[Black "crazycheesecake"]
[Result "1/2-1/2"]
[WhiteElo "2179"]
[BlackElo "2024"]
[TimeControl "180+1"]
[EndTime "15:29:52 PDT"]
[Termination "Game drawn by repetition"]

1. e4 e5 2. Nf3 Nc6 3. Bb5 Nf6 4. O-O Nxe4 5. Re1 Nd6 6. Nxe5 Nxe5 7. Rxe5+ Be7 8. Nc3 Nxb5 9. Nxb5 d6 10. Re1 O-O 11.
d4 c6 12. Nc3 d5 13. Bf4 Bd6 14.
Qf3 Qf6 15. Bxd6 Qxd6 16. Re3 Bd7 17. Rae1 Rae8 18. Rxe8 Bxe8 19. a3 Bd7 20. h3 h6 21.
Nd1 g6 22. Re2 Bf5 23. Ne3 Be4 24. Qg3 Qxg3 25. fxg3 Re8 26. Ng4 Kg7 27. Kf2 h5 28.
Ne3 Kf6 29. Nd1 Rd8 30. Nc3 Bf5 31. Kf3 b6 32. g4 hxg4+ 33. hxg4 Bd7 34. Kg3 Be6 35.
Rf2+ Ke7 36. Ne2 c5 37. c3 g5 38. Rf3 Rh8 39. b4 cxb4 40. cxb4 Rh4 41. Rc3 Rxg4+ 42. Kf2 Kd6 43. g3 Re4 44. a4 Bg4 45. Nc1 Rxd4 46. Rb3 f5 47. a5 b5 48. a6 f4 49. gxf4 gxf4 50. Rc3 Rxb4 51. Nd3 Rc4 52. Rb3 Rc2+ 53. Kg1 f3 54. Rxb5 Rd2 55. Nf4 Bc8 56. Ra5 Rc2 57. Nd3 Rd2 58. Nf2 d4 59. Rg5 Re2 60. Rg6+ Kc5 61.
Rg7 Kc4 62. Rc7+ Kb3 63. Rxc8 Re1+ 64. Kh2 Re2 65. Kg3 Re3 66. Rd8 Re6 67. Rxd4 Rxa6 68. Kxf3 Rb6 69. Ne4 a5 70. Nc5+ Kc3 71. Rd8 Kc4 72.
Na4 Rb3+ 73. Ke4 Kb5 74. Rb8+ Kxa4 75. Rd8 Rb4+ 76. Kd3 Kb3 77. Kd2 Kb2 78. Rc8 a4 79. Rc2+ Kb1 80. Rc1+ Ka2 81. Kc3 Rb3+ 82. Kc2 Rb2+ 83.
Kc3 a3 84. Rd1 Rh2 85. Rc1 Rh3+ 86. Kc2 Rh2+ 87. Kc3 Rh3+ 88. Kc2 Rh2+ 89. Kc3 1/2-1/2

[Event "Late-Titled-Tuesday-Blitz-March-26-2024"]
[Site "Chess.com"]
[Date "2024.03.26"]
[Round "8"]
[White "ernestina08chess"]
[Black "GWR2024"]
[Result "0-1"]
[WhiteElo "2241"]
[BlackElo "2186"]
[TimeControl "180+1"]
[EndTime "15:31:03 PDT"]
[Termination "GWR2024 won by checkmate"]

1. e4 e5 2. Nf3 d5 3. exd5 e4 4. Qe2 Nf6 5. d3 Bb4+ 6. Bd2 O-O 7. Bxb4 exf3 8. Qxf3 Re8+ 9. Be2 Bg4 10. Qf4 Bxe2 11. Nc3 Bxd3+ 12. Kd2 Bg6 13. Rae1 Na6 14. Ba3 Nxd5 15. Rxe8+ Qxe8 16. Nxd5 Rd8 17. c4 c6 18. Re1 Qd7 19. Re7 Qf5 20. Qe3 h6 21. Re8+ Rxe8 22.
Qxe8+ Kh7 23. Ne7 Qc2+ 24. Ke1 Qc1+ 25. Ke2 Qxc4+ 26. Ke1 Qe4+ 27. Kd2 Qd3+ 28. Ke1 h5 29. Qg8+ Kh6 30. Nxg6 Kxg6 31. Qc8 Qe4+ 32. Kf1 Qc4+ 33. Ke1 Qe6+ 34. Qxe6+ fxe6 35. Bd6 b6 36. Ke2 c5 37. Kd3 Kf5 38. a3 e5 39. Kc4 Ke6 40.
Bf8 g6 41. Kb5 Nb8 42. Kc4 Nc6 43. b4 cxb4 44. axb4 Nd4 45. Bh6 Nf5 46. Bg5 e4 47. Kb5 Kd7 48. Ka6 Kc6 49. b5+ Kc5 50. Bc1 Kc4 51.
Bb2 Nd6 52. Kxa7 Kxb5 53. Bd4 Nc4 54. Kb7 Ka5 55. Kc6 b5 56. Kc5 Ka4 57. Bc3 Na3 58.
Bb4 Nc2 59. Bc3 Na3 60. Bd2 Nc4 61. Bc3 e3 62. fxe3 Nxe3 63. Kd4 Nxg2 64. Bd2 Nh4 65. Bg5 Nf5+ 66. Kc3 b4+ 67. Kb2 b3 68. h4 Ng3 69.
Bf6 Ne4 70. Be7 Nd2 71. Kc3 Ne4+ 72. Kb2 Nf2 73. Bf6 Nd3+ 74. Kc3 Nc5 75. Kb2 Kb4 76.
Be7 Kc4 77. Bf6 Nd3+ 78. Kb1 Kd5 79. Bg7 Ke4 80. Bf6 Kf5 81. Bd8 Kg4 82. Be7 Ne5 83.
Kb2 Nf3 84. Kxb3 Nxh4 85. Kc3 Nf5 86. Bf6 h4 87. Kd3 h3 88. Ke2 h2 89. Kf2 h1=Q 90.
Be5 Qf3+ 91. Kg1 Qe3+ 92. Kh1 Qxe5 93. Kg2 Qg3+ 94. Kh1 Qa3 95. Kh2 Qa2+ 96. Kh1 Nh4 97. Kg1 Nf3+ 98. Kf1 Nh4 99. Kg1 Kg3 100. Kf1 Nf5 101. Kg1 Nd4 102. Kf1 g5 103. Kg1 g4 104. Kf1 Kf4 105. Kg1 Nf3+ 106. Kf1 Nh4 107. Kg1 g3 108. Kf1 g2+ 109. Kg1 Nf3# 0-1

[Event "Late-Titled-Tuesday-Blitz-March-26-2024"]
[Site "Chess.com"]
[Date "2024.03.26"]
[Round "8"]
[White "MITerryble"]
[Black "Alexander_Donchenko"]
[Result "1/2-1/2"]
[WhiteElo "2989"]
[BlackElo "2888"]
[TimeControl "180+1"]
[EndTime "15:31:16 PDT"]
[Termination "Game drawn by 50-move rule"]

1. d4 Nf6 2. Bg5 g6 3. Nd2 Bg7 4. c3 O-O 5. e4 d6 6. Ngf3 Nc6 7. Bb5 Bd7 8. O-O a6 9. Ba4 b5 10. Bb3 e5 11. dxe5 Nxe5 12. Nxe5 dxe5 13. Qe2 Qe7 14.
Rfd1 h6 15. Bh4 c5 16. c4 Bc6 17. f3 Qb7 18. Bf2 Nh5 19. g3 Rfc8 20. Rac1 Bf8 21.
Nf1 Ng7 22. cxb5 Bxb5 23. Bc4 Ne6 24. b3 Nd4 25. Qd3 Rd8 26. Kg2 h5 27. Rb1 Bh6 28.
Be3 Bg7 29. Bg5 Rd7 30. Qc3 Bxc4 31. Qxc4 Kh7 32. Bd2 f5 33. Re1 Rf8 34. Bc3 fxe4 35. fxe4 Bh6 36. h3 Rdf7 37. Rb2 Rxf1 38. Rxf1 Qxe4+ 39. Kh2 Nf3+ 40. Kh1 Nd2+ 41. Qxe4 Rxf1+ 42. Kg2 Nxe4 43. Kxf1 Nxc3 44. Rc2 Ne4 45. Kg2 Bf8 46. Rc4 Nf6 47.
Ra4 e4 48. Rxa6 Nd5 49. Re6 Nc3 50. a4 c4 51. bxc4 Nxa4 52. Rxe4 Nc5 53. Re5 Kg7 54. Re1 Kf6 55. Rf1+ Ke7 56. Re1+ Kd6 57. Rd1+ Ke5 58.
Rd8 Be7 59. Rd1 Ke6 60. Re1+ Kf6 61. Rf1+ Ke6 62. Re1+ Kf6 63. Re2 Bd6 64. Re3 g5 65. Re2 g4 66. hxg4 hxg4 67. Rd2 Ne4 68. Rd4 Kf5 69. Rd5+ Ke6 70. Rd4 Nxg3 71. Rxg4 Nf5 72. Kf3 Ke5 73. Re4+ Kf6 74. Re1 Bc5 75. Ke4 Nd6+ 76.
Kd5 Nxc4 77. Rf1+ Kg5 78. Kxc4 Ba7 79. Kd5 Kg4 80. Ke4 Kg3 81. Rf7 Bf2 82. Rg7+ Kh2 83.
Kf3 Bc5 84. Rg5 Bd6 85. Rg6 Be5 86. Rc6 Kg1 87. Rc5 Bd4 88. Rc1+ Kh2 89. Rd1 Bg1 90. Rd7 Kh1 91. Rh7+ Bh2 92. Rg7 Bg1 93. Rg8 Bh2 94.
Rc8 Bg1 95. Kg3 Bd4 96. Kh3 Be5 97. Rc2 Bf4 98. Rf2 Be3 99. Rg2 Bg1 100. Kg3 Bd4 101. Rh2+ Kg1 102. Rh5 Bf2+ 103. Kf3 Bb6 104. Rh7 Bc5 105. Rc7 Bd6 106. Rc2 Kh1 107. Kg4 Bh2 108. Kh3 Bg1 109. Re2 Bc5 110. Re1+ Bg1 111. Re4 Bc5 112. Kg3 Bd6+ 113. Kf2 Bh2 114. Kf1 Bd6 115. Re3 Bh2 116. Rf3 Bd6 117. Rf5 Bh2 118. Rf6 Be5 119. Re6 Bh2 120. Re1 Bd6 121. Rc1 Bf4 122. Rb1 Bg3 123. Rb2 Bf4 124. Kf2 Be5 125. Rc2 Bd4+ 126. Kf3 Be5 127. Re2 Bh2 128. Kg4 1/2-1/2

[Event "Late-Titled-Tuesday-Blitz-March-26-2024"]
[Site "Chess.com"]
[Date "2024.03.26"]
[Round "9"]
[White "Cluke86"]
[Black "MoldyTofu"]
[Result "1-0"]
[WhiteElo "2323"]
[BlackElo "2063"]
[TimeControl "180+1"]
[EndTime "15:39:10 PDT"]
[Termination "Cluke86 won by resignation"]

1. e4 e5 2. Nf3 Nc6 3. d4 Nxd4 4. Nxd4 exd4 5. Qxd4 Nf6 6. Nc3 c6 7. e5 Qe7 8. Be2 Ng8 9. Bf4 f6 10. O-O-O fxe5 11.
Bxe5 Nf6 12. Rhe1 d5 13. Bxf6 Qf7 14. Bh5+ 1-0

[Event "Late-Titled-Tuesday-Blitz-March-26-2024"]
[Site "Chess.com"]
[Date "2024.03.26"]
[Round "9"]
[White "ATM622"]
[Black "Godzillator"]
[Result "1-0"]
[WhiteElo "2514"]
[BlackElo "2371"]
[TimeControl "180+1"]
[EndTime "15:39:49 PDT"]
[Termination "ATM622 won by resignation"]

1. d4 d5 2. c4 e6 3. Nf3 Nf6 4. g3 Bb4+ 5. Bd2 Be7 6. b3 O-O 7. Bg2 c6 8. O-O b6 9. Qc2 Bb7 10. Nc3 Nbd7 11. e4 dxe4 12. Nxe4 Nxe4 13. Qxe4 Nf6 14. Qc2 c5 15. dxc5 Bxc5 16. Bc3 Qe7 17. Ng5 Rfb8 18. Bxf6 Qxf6 19. Qxh7+ Kf8 20. Bxb7 Rxb7 21.
Qh8+ Ke7 22. Qxa8 Rd7 23. Ne4 Qb2 24. Nxc5 bxc5 25. Qc6 1-0

[Event "Late-Titled-Tuesday-Blitz-March-26-2024"]
[Site "Chess.com"]
[Date "2024.03.26"]
[Round "9"]
[White "Fonsofan"]
[Black "Shankland"]
[Result "0-1"]
[WhiteElo "2769"]
[BlackElo "2924"]
[TimeControl "180+1"]
[EndTime "15:40:12 PDT"]
[Termination "Shankland won by resignation"]

1. b4 e5 2. Bb2 Bxb4 3. Bxe5 Nf6 4. c4 O-O 5. Nf3 Re8 6. e3 c5 7. Bc3 Nc6 8. Be2 d5 9. Bxb4 cxb4 10. d4 Bf5 11. Nbd2 Rc8 12. O-O dxc4 13. Bxc4 Na5 14.
Bb5 Re7 15. Ba4 Nd5 16. Bb3 Nc3 17. Qe1 Bd3 18. Ne5 Bxf1 19. Qxf1 Rxe5 0-1

[Event "Late-Titled-Tuesday-Blitz-March-26-2024"]
[Site "Chess.com"]
[Date "2024.03.26"]
[Round "9"]
[White "ural58"]
[Black "BallottiLuca"]
[Result "0-1"]
[WhiteElo "2448"]
[BlackElo "2357"]
[TimeControl "180+1"]
[EndTime "15:41:10 PDT"]
[Termination "BallottiLuca won by resignation"]

1. e4 e5 2. f4 exf4 3. Bc4 d5 4.
Bxd5 Nf6 5. Nc3 Bb4 6. Nf3 O-O 7. d3 Nxd5 8. exd5 Re8+ 9. Kf1 Bxc3 10. bxc3 Qxd5 11.
Bxf4 Bg4 12. h3 Bh5 13. Bxc7 Nc6 14. Bg3 Re3 15. c4 Qf5 16. Kf2 Rae8 17. Rf1 Bxf3 18.
gxf3 Nd4 19. Kg2 Re2+ 20. Rf2 Qxf3+ 0-1

[Event "Late-Titled-Tuesday-Blitz-March-26-2024"]
[Site "Chess.com"]
[Date "2024.03.26"]
[Round "9"]
[White "AccioChess"]
[Black "newauto"]
[Result "1-0"]
[WhiteElo "2486"]
[BlackElo "2201"]
[TimeControl "180+1"]
[EndTime "15:41:10 PDT"]
[Termination "AccioChess won by resignation"]

1. d4 d5 2. c4 c6 3. Nf3 Nf6 4.
e3 Bf5 5. Bd3 Bxd3 6. Qxd3 e6 7.
O-O Nbd7 8. Nc3 Be7 9. e4 dxe4 10.
Nxe4 Nxe4 11. Qxe4 Nf6 12. Qe2 O-O 13. b3 c5 14. Bb2 cxd4 15. Nxd4 a6 16. Rfd1 Qc7 17.
Rd3 Rfd8 18. Rad1 h6 19. h3 Nd7 20. Nxe6 Qc6 21. Nxd8 Rxd8 22. Qxe7 1-0

[Event "Late-Titled-Tuesday-Blitz-March-26-2024"]
[Site "Chess.com"]
[Date "2024.03.26"]
[Round "9"]
[White "Laico"]
[Black "Felix-Rose"]
[Result "0-1"]
[WhiteElo "2395"]
[BlackElo "2277"]
[TimeControl "180+1"]
[EndTime "15:41:23 PDT"]
[Termination "Felix-Rose won by resignation"]

1. e4 e5 2. Nc3 Nf6 3. f4 d5 4.
fxe5 Nxe4 5. Qf3 Nxc3 6. dxc3 Be7 7. Bf4 Qd7 8. O-O-O Qa4 9. Kb1 c6 10. Qg3 O-O 11. Bh6 Qg4 12. Bf4 Qxd1+ 0-1

[Event "Late-Titled-Tuesday-Blitz-March-26-2024"]
[Site "Chess.com"]
[Date "2024.03.26"]
[Round "9"]
[White "Houdinovic"]
[Black "YegoryoCh"]
[Result "1-0"]
[WhiteElo "2721"]
[BlackElo "2571"]
[TimeControl "180+1"]
[EndTime "15:41:38 PDT"]
[Termination "Houdinovic won by resignation"]

1. c4 e6 2. Nf3 d5 3. d4 Nf6 4. Nc3 c6 5. e3 Nbd7 6. Qc2 b6 7. Bd3 Bb7 8. O-O Rc8 9. e4 dxe4 10. Nxe4 Nxe4 11. Bxe4 Nf6 12. Bg5 Be7 13. Bxf6 Bxf6 14. Rad1 Ba6 15. Bxc6+ Rxc6 16. Qa4 Bb7 17. d5 exd5 18.
cxd5 b5 19. Qxb5 Qb6 20. Qe2+ Kf8 21. dxc6 Qxc6 22. Rc1 Qb6 23. Ne5 Qb5 24. Qxb5 1-0

[Event "Late-Titled-Tuesday-Blitz-March-26-2024"]
[Site "Chess.com"]
[Date "2024.03.26"]
[Round "9"]
[White "LeninGuerra"]
[Black "steepedgames"]
[Result "1-0"]
[WhiteElo "2685"]
[BlackElo "2526"]
[TimeControl "180+1"]
[EndTime "15:41:42 PDT"]
[Termination "LeninGuerra won by resignation"]

1. e4 e6 2. d4 d5 3. Nd2 Nf6 4. e5 Nfd7 5. Bd3 c5 6. c3 Nc6 7. Ne2 Be7 8. O-O f6 9. exf6 Nxf6 10. Nf3 Bd6 11. Bg5 O-O 12. Rc1 e5 13. dxe5 Nxe5 14. Nxe5 Bxe5 15. Ng3 h6 16. Bxf6 Qxf6 17. Qh5 Bd7 18. f4 Bxf4 19. Qxd5+ Be6 20. Qe4 g6 21. Nh5 1-0